 Dungeon Crawl Stone Soup version 0.19.6-3-g7d5932f76a (webtiles) character file.

140 jbom55 the Skirmisher (level 5, 0/42 HPs)
             Began as a Human Fighter on Mar 27, 2023.
             Slain by a quasit (1 damage)
             ... on level 7 of the Dungeon.
             The game lasted 00:52:55 (2805 turns).

jbom55 the Skirmisher (Human Fighter)               Turns: 2805, Time: 00:52:56

Health: 0/42       AC:  6    Str: 14 (17) XL:     5   Next: 46%
Magic:  5/5        EV:  2    Int:  5 (8)  God:
Gold:   97         SH:  0    Dex: -10 (13)Spells: 0 memorised, 4 levels left

rFire  + . .     SeeInvis .     a - +0 long sword
rCold  + . .     Gourm    .     b - +0 scale mail
rNeg   . . .     Faith    .     c - +0 shield
rPois  .         Spirit   .     (no helmet)
rElec  .         Reflect  .     (no cloak)
rCorr  .         Harm     .     (no gloves)
MR     .....                    (no boots)
Stlth  ..........               v - amulet of inaccuracy (curse)
                                P - ring of protection from cold
                                k - ring of protection from fire

@: slowed, lost dexterity, very slow
A: no striking features
a: no special abilities


You were on level 7 of the Dungeon.
You were very hungry.

You visited 1 branch of the dungeon, and saw 5 of its levels.

You collected 97 gold pieces.

Inventory:

Hand Weapons
 a - a +0 long sword (weapon)
 f - a +0 long sword
 g - a +0 club
 h - a +0 club
 j - a cursed -2 club
 m - a +0 short sword
 o - a +0 short sword
 p - a +0 dagger
 q - a +0 dagger
 u - a +0 quarterstaff
 w - a +0 short sword
 F - a +0 dagger
 L - a +0 dagger
 N - a +0 club
 Q - a +0 trident
 R - a +0 falchion
Missiles
 s - 13 poisoned needles
 t - 89 stones (quivered)
 x - 17 bolts
 y - 12 tomahawks
 E - 26 sling bullets
 O - 13 arrows
Armour
 b - a +0 scale mail (worn)
 c - a +0 shield (worn)
 A - a +0 robe
 G - a +0 robe
 H - a +0 scale mail
 I - a +0 scale mail
 M - a +0 leather armour
Jewellery
 k - a ring of protection from fire (left hand)
 v - a cursed amulet of inaccuracy (around neck)
 P - a ring of protection from cold (right hand)
Scrolls
 e - 3 scrolls of remove curse {unknown}
 i - 2 scrolls of blinking {unknown}
 n - 3 scrolls of identify {unknown}
 C - a scroll of fear
Potions
 r - a potion of ambrosia {unknown}
 B - a potion of brilliance {unknown}
 D - a potion of degeneration
 K - a potion of curing {unknown}
Comestibles
 J - 2 chunks of flesh


   Skills:
 + Level 3.9 Fighting
 * Level 3.3 Long Blades
 + Level 3.6 Armour
 + Level 3.7 Shields


You had 4 spell levels left.
You didn't know any spells.

Dungeon Overview and Level Annotations

Branches:
Dungeon (7/15)
 Temple: D:4-7

Altars:
Cheibriados


Message History

The quasit bites you but does no damage.
The quasit claws you but does no damage. x2
It was a potion of degeneration.
There was something very wrong with that liquid.
You feel weakened.
You feel dopey.
You feel clumsy. The quasit bites you.
* * * LOW HITPOINT WARNING * * *
The quasit claws you but does no damage. x2
The quasit bites you.
* * * LOW HITPOINT WARNING * * *
You feel clumsy.
The quasit claws you but does no damage.
The quasit claws you.
* * * LOW HITPOINT WARNING * * *
You miss the quasit. The quasit bites you.
* * * LOW HITPOINT WARNING * * *
The quasit claws you but does no damage. x2
The quasit bites you but does no damage.
The quasit claws you.
You die...

### #.# #.# #.# ###
#####################.#### #..
.........................######..
.##########....###.##.##'##......
.# #.....5@.........#.##... .#
#.....###.#......#..#... .#
#.....###.#......#..#... .#
#....................... .#
##............#.##..#... .#
#.....###.............. .#
#.....# #.............. .# #####
#......##...... .#
#..............


You could see a quasit.

Vanquished Creatures
  A hound (D:7)
  A bullfrog skeleton (D:7)
  4 worms
  3 dart slugs
  3 leopard geckos
  3 orcs (D:3)
  2 giant cockroaches
  3 goblins
  11 hobgoblins
  5 jackals
  4 bats
  2 frilled lizards
  8 kobolds
  10 rats
60 creatures vanquished.

Notes
Turn   | Place    | Note
-------+----------+-------------------------------------------
     0 | D:1      | jbom55 the Human Fighter began the quest for the Orb.
     0 | D:1      | Reached XP level 1. HP: 18/18 MP: 1/1
    59 | D:1      | Reached XP level 2. HP: 23/24 MP: 2/2
   397 | D:1      | Reached XP level 3. HP: 29/29 MP: 3/3
  1818 | D:2      | Reached XP level 4. HP: 35/35 MP: 4/4
  2516 | D:3      | Found a snail-covered altar of Cheibriados.
  2562 | D:3      | You fall through a shaft for 3 floors!
  2635 | D:7      | Reached XP level 5. HP: 42/42 MP: 5/5
  2789 | D:7      | Lost dexterity.
  2804 | D:7      | HP: 2/42 [quasit (1)]
  2805 | D:7      | Slain by a quasit

Skill      XL: |  1  2  3  4 |
---------------+-------------+-----
Long Blades    | 3 |  3.3
Fighting       | |  3.9
Armour         | |  3.6
Shields        | |  3.7

Action                   |  1- 3 |  4- 6 || total
-------------------------+-------+-------++-------
Melee: Long sword        |   141 |   158 ||   299
  Use: Potion            |       |     4 ||     4
       Scroll            |       |     1 ||     1
  Eat: Bread ration      |     1 |       ||     1
       Chunk             |       |     1 ||     1
Armor: Scale mail        |    88 |   233 ||   321
Dodge: Dodged            |    41 |   114 ||   155
Block: Shield            |    95 |   122 ||   217
       Rpst.: Long sword |    12 |    15 ||    27
